 Dungeon Crawl Stone Soup version 0.21.1-1-g345015fe64 (webtiles) character file.

3588 Mrkan the Fighter (level 9, 0/102 HPs)
             Began as a Troll Monk on May 10, 2018.
             Was a Priest of Qazlal.
             Slain by a hog (8 damage)
             ... on level 7 of the Dungeon.
             The game lasted 00:11:13 (5838 turns).

Mrkan the Fighter (Troll Monk)                      Turns: 5838, Time: 00:11:14

Health: 0/102      AC:  6    Str: 21    XL:     9   Next: 85%
Magic:  8/8        EV: 10    Int:  6    God:    Qazlal [***...]
Gold:   414        SH:  3    Dex: 15    Spells: 8/8 levels left

rFire    . . .     SeeInvis .     - Unarmed
rCold    . . .     Gourm    +   (no shield)
rNeg     . . .     Faith    .   a - +1 robe
rPois    .         Spirit   .   (helmet restricted)
rElec    .         Reflect  .   (no cloak)
rCorr    .         Harm     .   (gloves unavailable)
MR       .....                  (boots unavailable)
Stlth    +.........             l - amulet of magic regeneration
HPRegen  0.67/turn              (no ring)
MPRegen  0.36/turn              (no ring)

@: drained
A: large, unfitting armour, claws 3, fast metabolism 3, gourmand, regeneration
1, shaggy fur 1, tough skin 2
a: Upheaval, Elemental Force, Renounce Religion


You were on level 7 of the Dungeon.
You worshipped Qazlal.
Qazlal was most pleased with you.
You were completely stuffed.

You visited 2 branches of the dungeon, and saw 8 of its levels.

You collected 414 gold pieces.

Inventory:

Hand Weapons
 d - a +1 rapier of draining
 h - a -2 flail
Armour
 a - a +1 robe (worn)
Jewellery
 l - an amulet of magic regeneration (around neck)
 t - an uncursed ring of flight {unknown}
 x - an uncursed ring of poison resistance {unknown}
Wands
 j - a wand of flame (20)
 r - a wand of disintegration (26)
 s - a wand of polymorph (6)
 y - a wand of iceblast (4)
Scrolls
 e - 3 scrolls of remove curse
 f - 4 scrolls of teleportation
 i - a scroll of enchant weapon
 k - a scroll of fog
 n - a scroll of blinking {unknown}
 p - a scroll of immolation
 q - a scroll of magic mapping
Potions
 c - 9 potions of curing
 m - a potion of might {unknown}
 o - a potion of flight {unknown}
 u - a potion of brilliance {unknown}
 v - a potion of mutation {unknown}
 w - a potion of lignification {unknown}
Comestibles
 b - 15 rations
 g - 2 chunks of flesh


   Skills:
 * Level 10.4(10.3) Fighting
 - Level 2.4(2.3) Dodging
 - Level 1.0 Stealth
 - Level 8.1(8.0) Unarmed Combat


You had 8 spell levels left.
You didn't know any spells.

Dungeon Overview and Level Annotations

Branches:
Dungeon (7/15)             Temple (1/1) D:4

Altars:
Ashenzari
Elyvilon
Fedhas
Gozag
Hepliaklqana
Kikubaaqudgha
Nemelex Xobeh
Okawaru
Qazlal
Vehumet
Wu Jian
Zin
The Shining One


Innate Abilities, Weirdness & Mutations

You are too large for most types of armour.
You have claws for hands.
Your metabolism is lightning-fast.
You like to eat raw meat.
Your natural rate of healing is unusually fast.
You are covered in fur. (AC +1)
You have very tough skin. (AC +2)


Message History

You scratch the hog but do no damage. You block the hog's attack.
You mangle the hog!!
The hog is heavily wounded.
The hog bites you.
* * * LOW HITPOINT WARNING * * *
The hog barely misses you. The hog bites you.
* * * LOW HITPOINT WARNING * * *
The hog bites you.
* * * LOW HITPOINT WARNING * * *
There is an open door, spattered with blood here.
It was a potion of curing.
You feel better. The hog bites you!
* * * LOW HITPOINT WARNING * * *
The hog barely misses you. The hog bites you.
* * * LOW HITPOINT WARNING * * *
You block the hog's attack.
You mangle the hog!!
You kill the hog!
Qazlal accepts your kill. The hog bites you!
You die...

(................................
...### ####..[#########.####..###
..## #..## #.# #..##. .## #..#
#.# #..##. ## #..# #.# #..##. #
######>)##### #.# #..##. #
........))..######.# #..##( #
.#####..###ยง.#......####..##. #
#.# #.. #..@#.###........... #
#.. ..#####h##.# #....##.....
##.# ####..#hh#..###.....>.....
..## ## #..#(.##.....##.####...
.))###.# #..'..####.####........
.)..#.#####..#.%####.# ########.
..........#..#%%#....# #.
..........############ ##
.....#####.# #


You could see 3 hogs.

Vanquished Creatures
  A two-headed ogre (D:6)
  Pikel (D:6)
  Grinder (D:4)
  A hog (D:7)
  A human (D:7)
  A steam dragon (D:6)
  An orc warrior (D:7)
  A slave (D:6)
  2 phantoms
  2 ogres
  A centaur (D:6)
  4 bullfrogs
  3 scorpions
  A water moccasin skeleton (D:4)
  3 wights (D:7)
  A crimson imp (D:5)
  A centaur zombie (D:6)
  A jelly (D:7)
  2 bullfrog skeletons (D:5)
  4 hounds
  An iguana (D:6)
  An orc priest (D:7)
  3 orc wizards
  A centaur skeleton (D:6)
  4 worker ants
  4 gnolls (D:2)
  6 adders
  A shadow imp (D:5)
  An adder skeleton (D:6)
  2 worms
  7 dart slugs
  4 leopard geckos
  12 orcs
  6 ball pythons
  6 giant cockroaches
  10 hobgoblins
  12 jackals
  12 kobolds
  6 quokkas
  10 bats
  3 frilled lizards
  A giant cockroach zombie (D:6)
  9 goblins
  A leopard gecko zombie (D:7)
  12 rats
  3 fungi (D:5)
171 creatures vanquished.

Vanquished Creatures (others)
  A crimson imp (D:6)
  A jelly (D:6)
  An adder skeleton (D:6)
  A giant cockroach (D:6)
4 creatures vanquished.

Grand Total: 175 creatures vanquished

Notes
Turn   | Place    | Note
-------+----------+-------------------------------------------
     0 | D:1      | Mrkan the Troll Monk began the quest for the Orb.
     0 | D:1      | Reached XP level 1. HP: 22/22 MP: 0/0
   147 | D:1      | Reached XP level 2. HP: 28/29 MP: 1/1
   424 | D:1      | Reached XP level 3. HP: 32/36 MP: 2/2
  1016 | D:2      | Found a blossoming altar of Fedhas.
  1154 | D:2      | Reached XP level 4. HP: 35/44 MP: 3/3
  1198 | D:2      | Reached skill level 5 in Unarmed Combat
  1633 | D:3      | Reached XP level 5. HP: 50/50 MP: 4/4
  1694 | D:3      | Found a hazy altar of Hepliaklqana.
  2206 | D:3      | Found a glowing golden altar of the Shining One.
  2400 | D:4      | Noticed a phantom
  2404 | D:4      | Found a staircase to the Ecumenical Temple.
  2412 | D:4      | Noticed a phantom
  2420 | D:4      | Killed a phantom
  2420 | D:4      | Reached XP level 6. HP: 47/59 MP: 5/5
  2455 | D:5      | Entered Level 5 of the Dungeon
  2752 | D:4      | Reached XP level 7. HP: 48/66 MP: 6/6
  2817 | Temple   | Entered the Ecumenical Temple
  2837 | Temple   | Became a worshipper of Qazlal Stormbringer
  2837 | Temple   | Reached * piety under Qazlal
  2837 | Temple   | Reached ** piety under Qazlal
  2927 | D:4      | Reached skill level 3 in Fighting
  3030 | D:4      | Found an iron altar of Okawaru.
  3084 | D:4      | Noticed Grinder
  3091 | D:4      | Killed Grinder
  3091 | D:4      | Reached skill level 4 in Fighting
  3147 | D:4      | Reached skill level 5 in Fighting
  3355 | D:5      | Reached XP level 8. HP: 80/80 MP: 7/7
  3362 | D:5      | Found an opulent altar of Gozag.
  3630 | D:5      | Found a shattered altar of Ashenzari.
  3725 | D:5      | Found a glowing silver altar of Zin.
  4208 | D:6      | Reached skill level 6 in Fighting
  4255 | D:6      | Noticed Pikel
  4270 | D:6      | Killed Pikel
  4270 | D:6      | Reached skill level 7 in Fighting
  4421 | D:6      | Noticed a two-headed ogre
  4427 | D:6      | Killed a two-headed ogre
  4427 | D:6      | Reached skill level 8 in Fighting
  4427 | D:6      | Reached XP level 9. HP: 19/97 MP: 8/8
  4778 | D:6      | Reached skill level 9 in Fighting
  5062 | D:6      | Found an ancient bone altar of Kikubaaqudgha.
  5062 | D:6      | Found an opulent altar of Gozag.
  5806 | D:7      | Reached skill level 10 in Fighting
  5830 | D:7      | Reached *** piety under Qazlal
  5838 | D:7      | Slain by a hog

Skill      XL: |  1  2  3  4  5  6  7  8  9 |
---------------+----------------------------+-----
Unarmed Combat | 4 5 7 8 |  8.1
Fighting       | 5 8 10 | 10.4
Dodging        | |  2.4
Stealth        | |  1.0

Action                   |  1- 3 |  4- 6 |  7- 9 || total
-------------------------+-------+-------+-------++-------
Melee: Unarmed           |   113 |   164 |   214 ||   491
       Punch             |     1 |     1 |     9 ||    11
  Use: Scroll            |       |     5 |     5 ||    10
       Potion            |       |       |     1 ||     1
 Stab: Sleeping          |     1 |     1 |       ||     2
  Eat: Chunk             |    16 |    14 |    29 ||    59
Armor: Robe              |    65 |    60 |    43 ||   168
Dodge: Dodged            |    82 |   117 |    90 ||   289
Block: Other             |       |       |    26 ||    26
